 Dungeon Crawl Stone Soup version 0.22-a0-612-gd2f0174 (webtiles) character file.

19 iamserjio the Chopper (level 2, -2/28 HPs)
             Began as a Naga Berserker on July 11, 2018.
             Was a Follower of Trog.
             Shot with a stone by a goblin (6 damage)
             ... on level 2 of the Dungeon.
             The game lasted 00:00:59 (152 turns).

iamserjio the Chopper (Naga Berserker)               Turns: 152, Time: 00:01:00

Health: -2/28      AC:  1    Str: 19    XL:     2   Next: 75%
Magic:  2/2        EV: 10    Int:  7    God:    Trog [*.....]
Gold:   29         SH:  0    Dex: 10    Spells: 1/1 levels left

rFire    . . .     SeeInvis +   a - +0 hand axe
rCold    . . .     Gourm    .   (no shield)
rNeg     . . .     Faith    .   b - +0 animal skin
rPois    +         Spirit   .   (no helmet)
rElec    .         Reflect  .   (no cloak)
rCorr    .         Harm     .   (no gloves)
MR       .....                  (no barding)
Stlth    ++........             (no amulet)
HPRegen  0.09/turn              (no ring)
MPRegen  0.08/turn              (no ring)

@: very slow
A: large, see invisible, deformed body, poison resistance, slowness 2, slow
metabolism 1, spit poison 1, AC +0
a: Spit Poison, Berserk, Renounce Religion


You were on level 2 of the Dungeon.
You worshipped Trog.
Trog was aware of your devotion.
You were not hungry.

You visited 1 branch of the dungeon, and saw 2 of its levels.

You collected 29 gold pieces.

Inventory:

Hand Weapons
 a - a +0 hand axe (weapon)
Armour
 b - a +0 animal skin (worn)
Scrolls
 d - a scroll of magic mapping {unknown}
Potions
 e - a potion of flight {unknown}
Comestibles
 c - 2 rations
 f - a chunk of flesh


   Skills:
 + Level 3.2 Fighting
 * Level 3.4 Axes
 + Level 1.8 Armour
 - Level 1.5 Dodging
 + Level 1.4 Stealth


You had one spell level left.
You didn't know any spells.
Your spell library was empty.

Dungeon Overview and Level Annotations

Branches:
Dungeon (2/15)

Altars:


Innate Abilities, Weirdness & Mutations

You cannot wear boots.
Your serpentine skin is tough. (AC +0)
You have supernaturally acute eyesight. (SInv)
Armour fits poorly on your strangely shaped body.
Your system is resistant to poisons. (rPois)
You cover ground very slowly.
You have a slow metabolism.
You can spit poison.


Message History

You see here a jackal corpse.
A goblin comes into view. It is wielding a dagger.
The goblin shouts!
The jackal bites you.
* * * LOW HITPOINT WARNING * * *
The goblin moves out of view.
You slash the jackal!
You kill the jackal!
Trog accepts your kill.
You barely miss the jackal. The jackal closely misses you.
The goblin unwields an uncursed dagger.
The goblin wields a hunting sling.
The goblin shoots a stone.
The stone hits you.
* * * LOW HITPOINT WARNING * * *
The jackal completely misses you.
You slash the jackal!
You kill the jackal!
Trog accepts your kill.
The goblin shoots a stone.
The stone misses you.
The goblin shoots a stone.
The stone hits you.
You die...

#####.### #(@.....#
#†#...#... #.#.g.#
#†#.....
##############.#...###
#..............#...##
#....................#
#.........<..........#
##########...........#


You could see a goblin.

Vanquished Creatures
  An adder (D:2)
  3 hobgoblins (D:1)
  4 jackals (D:2)
  A rat (D:1)
9 creatures vanquished.

Notes
Turn   | Place    | Note
-------+----------+-------------------------------------------
     0 | D:1      | iamserjio the Naga Berserker began the quest for the Orb.
     0 | D:1      | Reached XP level 1. HP: 21/21 MP: 1/1
    62 | D:2      | Reached skill level 1 in Stealth
    62 | D:2      | Reached XP level 2. HP: 21/28 MP: 2/2
   152 | D:2      | Shot with a stone by a goblin

Vault maps used:
D:1:      onia_arrival_pentagram
D:2:      makhleb_blood_cavern_becter, fedhas_altar_1

Skill      XL: |  1 |
---------------+----+-----
Stealth        | 1 |  1.4
Fighting       | |  3.2
Axes           | |  3.4
Armour         | |  1.8
Dodging        | |  1.5

Action                   || total
-------------------------++-------
Melee: Hand axe          ||    26
Invok: Berserk           ||     1
 Abil: Spit Poison       ||     2
Armor: Animal skin       ||     4
Dodge: Dodged            ||    20

Table legend:
 A = Spawn XP
 B = Non-spawn XP
 C = Spawn XP percentage of total XP
 D = Spawn monster count
 E = Non-spawn monster count
 F = Spawn count percentage of total count
 G = Total turns spent on level
                    A         B        C        D         E        F      G
               +---------+---------+-------+---------+---------+-------+---------
         Total |       0 |      28 |   0.0 |       0 |       9 |   0.0 |   152
               +---------+---------+-------+---------+---------+-------+---------
           D:1 |       0 |       7 |   0.0 |       0 |       4 |   0.0 |    60
           D:2 |       0 |      21 |   0.0 |       0 |       5 |   0.0 |    92
               +---------+---------+-------+---------+---------+-------+---------
